 Dungeon Crawl Stone Soup version 0.20.1-1-g8b1a95d (webtiles) character file.

46085 bobthegiant the Geomancer (level 14, -4/86 HPs)
             Began as a Gargoyle Earth Elementalist on Nov 25, 2017.
             Was a High Priest of Vehumet.
             Slain by an orc knight
             ... wielding a +1 great sword of slicing
              (8 damage)
             ... on level 1 of the Orcish Mines.
             The game lasted 02:32:34 (22958 turns).

bobthegiant the Geomancer (GrEE)                   Turns: 22958, Time: 02:32:35

Health: -4/86      AC: 16    Str: 12    XL:     14   Next: 36%
Magic:  0/37       EV: 13    Int: 21    God:    Vehumet [*****.]
Gold:   1841       SH:  4    Dex: 10    Spells: 13/34 levels left

rFire    + . .     SeeInvis .   G - staff of fire
rCold    + . .     Gourm    .   R - +0 buckler
rNeg     + . .     Faith    .   N - +0 robe {rC+}
rPois    ∞         Spirit   .   D - +2 hat
rElec    +         Reflect  .   S - +0 cloak
rCorr    .         Harm     .   k - +0 pair of gloves
MR       ++...                  (no boots)
Stlth    ++........             y - amulet of magic regeneration
Regen    0.3/turn               j - ring of protection from magic
MPRegen  0.4/turn               Y - ring of magical power

@: about to teleport
A: big wings, negative energy resistance 1, electricity resistance, unbreathing,
petrification resistance, rot immunity, AC +9
a: Fly, Renounce Religion


You were on level 1 of the Orcish Mines.
You worshipped Vehumet.
Vehumet was extremely pleased with you.
You were near starving.

You visited 3 branches of the dungeon, and saw 18 of its levels.

You collected 1919 gold pieces.
You spent 78 gold pieces at shops.

Inventory:

Hand Weapons
 g - a +2 dagger of holy wrath
 q - a +7 short sword of speed
 T - a +2 flail of holy wrath
Missiles
 b - 438 stones (quivered)
Armour
 k - a +0 pair of gloves (worn)
 D - a +2 hat (worn)
 N - a +0 robe of cold resistance (worn)
 R - a +0 buckler (worn)
 S - a +0 cloak (worn)
 U - a +2 leather armour of magic resistance
 V - a +0 robe of fire resistance
Magical Staves
 G - an uncursed staff of fire (weapon)
Jewellery
 j - a ring of protection from magic (left hand)
 m - a +4 ring of slaying
 p - an uncursed ring of protection from magic
 x - a +4 ring of protection
 y - an amulet of magic regeneration (around neck)
 B - a +3 ring of intelligence
 I - a +3 ring of slaying
 Y - a ring of magical power (right hand)
Wands
 d - a wand of flame (22/48)
 t - a wand of lightning (9/15)
 w - a wand of confusion (28/48)
 M - a wand of flame (20/48)
Scrolls
 c - 2 scrolls of identify
 f - a scroll of blinking {unknown}
 l - 2 scrolls of teleportation
 o - 4 scrolls of remove curse
 v - 2 scrolls of enchant weapon
 E - a scroll of fear
 P - a scroll of amnesia
 Q - a scroll of noise
 W - a scroll of magic mapping
Potions
 h - 4 potions of might
 i - 4 potions of mutation {unknown}
 n - 6 potions of curing
 s - 5 potions of heal wounds
 u - 3 potions of berserk rage {unknown}
 A - a potion of haste
 C - a potion of invisibility {unknown}
 F - a potion of magic
 J - a potion of agility {unknown}
 L - a potion of flight
Books
 e - a book of Geomancy

   Spells                             Type                      Level
   a - Sandblast                      Earth                        1
   b - Passwall                       Transmutation/Earth          2
   c - Stone Arrow                    Conjuration/Earth            3
   d - Petrify                        Transmutation/Earth          4
   e - Lee's Rapid Deconstruction     Earth                        5
 K - a book of Minor Magic

   Spells                             Type                      Level
   a - Magic Dart                     Conjuration                  1
   b - Blink                          Translocation                2
   c - Call Imp                       Summoning                    2
   d - Slow                           Hexes                        2
   e - Conjure Flame                  Conjuration/Fire             3
   f - Mephitic Cloud                 Conjuration/Poison/Air       3
Comestibles
 a - 13 meat rations
 r - 2 bread rations
 z - a fruit
 H - a royal jelly


   Skills:
 + Level 9.2 Fighting
 - Level 1.2(4.1) Maces & Flails
 + Level 6.3(6.4) Staves
 - Level 3.4 Armour
 - Level 4.2 Dodging
 - Level 2.1 Stealth
 - Level 4.0 Shields
 + Level 10.7 Spellcasting
 + Level 11.5 Conjurations
 - Level 1.5 Translocations
 - Level 0.7 Transmutations
 + Level 6.3 Fire Magic
 + Level 13.5 Earth Magic
 + Level 5.6 Evocations


You had 13 spell levels left.
You knew the following spells:

 Your Spells              Type           Power        Failure   Level  Hunger
a - Sandblast             Erth           ######       0%          1    None
b - Stone Arrow           Conj/Erth      ######       1%          3    None
c - Lee's Rapid Deconstr  Erth           ######....   1%          5    ####...
d - Petrify               Tmut/Erth      #####...     3%          4    ##.....
e - Magic Dart            Conj           ####         1%          1    None
f - Sticky Flame          Conj/Fire      ######..     1%          4    ##.....
g - Apportation           Tloc           ###...       3%          1    None
h - Blink                 Tloc           N/A          4%          2    None


Dungeon Overview and Level Annotations

Branches:
Dungeon (10/15)            Temple (0/1) D:7            Lair (6/6) D:8
 Shoals (0/4) Lair:2        Snake (0/4) Lair:4        Slime (0/5) Lair:6
    Orc (2/2) D:10            Elf (0/3) Orc:2

Altars:
Dithmenos
Hepliaklqana
Kikubaaqudgha
Nemelex Xobeh
Qazlal
Trog
Uskayaw
Vehumet
Xom
Yredelemnul
The Shining One
Beogh

Shops:
D:6 *   Orc:1 ??=*   Orc:2 ?

Annotations:
D:3 2 transporters, exclusion: downstairs
D:5 1 runed door, exclusion: 2 doors
Lair:4 exclusion: downstairs
Lair:5 exclusion: 2 downstairs
Orc:2 2 runed doors, exclusion: orange crystal statue


Innate Abilities, Weirdness & Mutations

You are resistant to torment.
Your stone body is resilient. (AC +9)
You are immune to poison.
Your large and strong wings let you fly indefinitely.
You resist negative energy. (rN+)
You are resistant to electric shocks. (rElec)
You can survive without breathing.
You are immune to petrification.
You are immune to rotting.


Message History

The orc knight is almost dead.
b - 439 stones The orc knight hits you with a great sword of slicing.
* * * LOW HITPOINT WARNING * * *
x2 You closely miss the orc knight.
The orc knight is almost dead.
The orc knight barely misses you.
You hit the orc knight but do no damage.
You burn the orc knight!
The orc knight is almost dead.
Casting: Sandblast
Confirm with . or Enter, or press ? or * to list all spells.
Aiming: Sandblast
Press: ? - help, Shift-Dir - straight line, f/p - orc knight
Aim: an orc knight, wielding a great sword of slicing and wearing a plate armour (almost dead)
The blast of sand hits the orc knight.
The orc knight is almost dead.
b - 438 stones The orc knight hits you with a great sword of slicing!
You die...

### ### ##.####...#
##.####.###...##...##
#....#...##.......######
.........##.........##.##
#....#....##............#
..........#..[.[[##.##.##
...#.##...#.......######
..#####....o.......#
.)####o........o@.##
...#..#.^........##
..#....#.........#
...>[...........##
..#............##
.........#.....#
.........).....#
.....##........##
##.#.#..........##


You could see an orc knight and an orc warrior (petrified).

Vanquished Creatures
  A dire elephant (Lair:6)
  Josephine (D:10)
  Harold (Lair:1)
  6 hydras
  A two-headed ogre (D:8)
  An anaconda (Lair:6)
  2 orc high priests (Orc:2)
  Urug (Lair:2)
  Nergalle (Lair:3)
  An unseen horror (D:10)
  3 orc knights
  Pikel (D:7)
  A manticore (D:10)
  3 merfolk sirens (Lair:2)
  3 elephants (Lair:6)
  4 black mambas
  6 spiny frogs
  A gargoyle (D:10)
  5 komodo dragons
  14 rime drakes (Lair:2)
  A merfolk (Lair:2)
  A troll (Orc:1)
  A polar bear (Lair:5)
  A slime creature (Lair:6)
  6 hippogriffs
  Prince Ribbit (D:5)
  18 blink frogs
  12 dream sheep
  4 wraiths (D:10)
  A wyvern (Lair:4)
  11 yaks
  Grum (D:8)
  9 steam dragons
  2 wargs
  4 nagas (Lair:4)
  2 hell hounds (D:8)
  12 water moccasins
  4 porcupines
  An ice beast (D:10)
  24 orc warriors
  A sky beast (D:7)
  A black bear (D:10)
  9 wolves
  4 phantoms
  13 ogres
  7 centaurs
  7 crocodiles
  2 big kobolds
  11 bullfrogs
  A gnoll sergeant (D:8)
  3 scorpions
  4 killer bees
  3 howler monkeys (D:9)
  A bullfrog zombie (D:8)
  3 lava snakes (Lair:6)
  4 crimson imps
  A centaur zombie (D:5)
  4 hounds
  A gnoll shaman (D:4)
  7 jellies
  22 orc priests
  2 centaur skeletons
  13 orc wizards
  A bullfrog skeleton (D:6)
  2 iguanas
  Natasha (thrice) (D:2)
  12 worker ants
  A statue (D:6)
  Robin (D:2)
  8 gnolls
  A worker ant zombie (D:10)
  10 adders
  2 shadow imps
  An ooze (D:1)
  An adder zombie (D:6)
  2 adder skeletons
  6 worms
  4 dart slugs
  10 leopard geckos
  78 orcs
  12 giant cockroaches
  14 goblins
  6 hobgoblins
  9 jackals
  4 quokkas
  6 bats
  7 frilled lizards
  A jackal zombie (D:6)
  20 kobolds
  2 leopard gecko skeletons
  A leopard gecko zombie (D:5)
  6 rats
  A fungus (Lair:1)
  4 plants
533 creatures vanquished.

Vanquished Creatures (others)
  3 slaves (D:7)
  A human (D:2)
  An ogre (D:7)
  Dowan (D:7)
  A quokka zombie (D:7)
  14 fungi
  7 plants
28 creatures vanquished.

Grand Total: 561 creatures vanquished

Notes
Turn   | Place    | Note
-------+----------+-------------------------------------------
     0 | D:1      | bobthegiant the Gargoyle Earth Elementalist began the quest for the Orb.
     0 | D:1      | Reached XP level 1. HP: 10/10 MP: 3/3
   225 | D:1      | Reached skill level 4 in Earth Magic
   225 | D:1      | Reached XP level 2. HP: 4/15 MP: 3/5
   752 | D:1      | Reached XP level 3. HP: 19/19 MP: 6/6
   862 | D:2      | Noticed Natasha
   866 | D:2      | Killed Natasha
   937 | D:2      | Reached XP level 4. HP: 24/24 MP: 5/8
   942 | D:2      | Learned a level 3 spell: Stone Arrow
   971 | D:2      | Reached skill level 5 in Earth Magic
   996 | D:2      | Noticed Natasha
  1030 | D:2      | Killed Natasha
  1571 | D:2      | Noticed Robin
  1592 | D:2      | Killed Robin
  1592 | D:2      | Reached XP level 5. HP: 26/28 MP: 1/10
  1667 | D:2      | Noticed Natasha
  1670 | D:2      | Killed Natasha
  1926 | D:2      | Found an ancient bone altar of Kikubaaqudgha.
  1980 | D:2      | Noticed a human
  1980 | D:2      | Killed a human
  2343 | D:3      | Reached skill level 1 in Conjurations
  2422 | D:3      | Reached skill level 6 in Earth Magic
  2422 | D:3      | Reached XP level 6. HP: 19/32 MP: 4/12
  2694 | D:3      | Found a faded altar of an unknown god.
  2891 | D:3      | Found a transporter.
  2948 | D:3      | Found a transporter.
  3227 | D:4      | Learned a level 5 spell: Lee's Rapid Deconstruction
  3263 | D:4      | Noticed a phantom
  3275 | D:4      | Killed a phantom
  3704 | D:4      | Reached XP level 7. HP: 30/36 MP: 0/13
  4336 | D:5      | Entered Level 5 of the Dungeon
  4414 | D:5      | Reached skill level 7 in Earth Magic
  4726 | D:5      | Found a glowing golden altar of the Shining One.
  4785 | D:5      | Reached skill level 5 in Spellcasting
  4814 | D:5      | Noticed Prince Ribbit
  4844 | D:5      | Killed Prince Ribbit
  4844 | D:5      | Reached XP level 8. HP: 31/41 MP: 7/16
  5089 | D:5      | Found a runed door.
  5105 | D:5      | Found a runed door.
  5134 | D:5      | Reached skill level 8 in Earth Magic
  5577 | D:6      | Learned a level 4 spell: Petrify
  5587 | D:6      | Found a basalt altar of Yredelemnul.
  5591 | D:6      | Found a hide-covered altar of Uskayaw.
  5596 | D:6      | Found a shimmering altar of Xom.
  5596 | D:6      | Found a bloodstained altar of Trog.
  5737 | D:6      | Found a stormy altar of Qazlal.
  5823 | D:6      | Found Zusiteu's General Store.
  5850 | D:6      | Found a glowing golden altar of the Shining One.
  5879 | D:6      | Found a radiant altar of Vehumet.
  5907 | D:6      | Became a worshipper of Vehumet
  5965 | D:6      | Reached skill level 5 in Conjurations
  6405 | D:7      | Reached skill level 9 in Earth Magic
  6460 | D:7      | Reached XP level 9. HP: 41/45 MP: 9/18
  6484 | D:7      | Reached * piety under Vehumet
  6484 | D:7      | Offered knowledge of Flame Tongue by Vehumet.
  6722 | D:7      | Found a bloodstained altar of Trog.
  6771 | D:7      | Noticed Pikel
  6777 | D:7      | Killed Pikel
  6777 | D:7      | Reached skill level 10 in Earth Magic
  6940 | D:7      | Found a staircase to the Ecumenical Temple.
  7007 | D:7      | Killed Dowan
  7218 | D:7      | Reached skill level 1 in Fighting
  7490 | D:8      | Reached ** piety under Vehumet
  7611 | D:8      | Found a sparkling altar of Nemelex Xobeh.
  7674 | D:8      | Offered knowledge of Magic Dart by Vehumet.
  7676 | D:8      | Reached XP level 10. HP: 33/53 MP: 10/21
  7677 | D:8      | Noticed Grum
  7859 | D:8      | Killed Grum
  7910 | D:8      | Learned a level 1 spell: Magic Dart
  8156 | D:8      | Found a staircase to the Lair.
  8363 | D:8      | Noticed a two-headed ogre
  8368 | D:8      | Killed a two-headed ogre
  8368 | D:8      | Reached skill level 1 in Shields
  8688 | D:9      | Offered knowledge of Static Discharge by Vehumet.
  9091 | D:9      | Reached *** piety under Vehumet
  9397 | D:9      | Found a hazy altar of Hepliaklqana.
  9895 | D:9      | You fall through a shaft!
  9895 | D:10     | Entered Level 10 of the Dungeon
  9906 | D:10     | Offered knowledge of Sticky Flame by Vehumet.
  9906 | D:10     | Killed an unseen horror
  9906 | D:10     | Reached skill level 11 in Earth Magic
  9912 | D:10     | Learned a level 4 spell: Sticky Flame
 10423 | D:8      | Reached XP level 11. HP: 62/62 MP: 23/23
 10447 | Lair:1   | Entered Level 1 of the Lair of Beasts
 10447 | Lair:1   | Found a shadowy altar of Dithmenos.
 10637 | Lair:1   | Reached skill level 5 in Fighting
 10888 | Lair:1   | Noticed Harold
 10895 | Lair:1   | Killed Harold
 11358 | Lair:2   | Reached skill level 1 in Maces & Flails
 11490 | Lair:2   | Reached skill level 1 in Fire Magic
 11779 | Lair:2   | Reached skill level 1 in Armour
 11783 | Lair:2   | Reached skill level 1 in Staves
 11798 | Lair:2   | Reached **** piety under Vehumet
 11798 | Lair:2   | Reached skill level 1 in Evocations
 12256 | Lair:2   | Reached XP level 12. HP: 70/70 MP: 10/25
 12475 | Lair:2   | Noticed a six-headed hydra
 12484 | Lair:2   | Killed a six-headed hydra
 12484 | Lair:2   | Reached skill level 12 in Earth Magic
 12803 | Lair:2   | Found a staircase to the Shoals.
 12926 | Lair:2   | Noticed Urug
 13209 | Lair:3   | Noticed Nergalle
 13216 | Lair:3   | Killed Nergalle
 13303 | Lair:3   | Reached skill level 10 in Conjurations
 13625 | Lair:3   | Noticed a four-headed hydra
 13631 | Lair:3   | Killed a four-headed hydra
 13880 | Lair:3   | Noticed a four-headed hydra
 13885 | Lair:3   | Killed a four-headed hydra
 14519 | Lair:4   | Offered knowledge of Iskenderun's Mystic Blast by Vehumet.
 14526 | Lair:4   | Found a staircase to the Snake Pit.
 14807 | Lair:4   | Noticed a seven-headed hydra
 14849 | Lair:4   | Noticed a five-headed hydra
 14857 | Lair:4   | Killed a five-headed hydra
 14897 | Lair:4   | Noticed a six-headed hydra
 14905 | Lair:4   | Killed a six-headed hydra
 14905 | Lair:4   | Reached XP level 13. HP: 16/76 MP: 20/26
 15672 | Lair:4   | Reached skill level 5 in Staves
 16305 | Lair:5   | Reached skill level 5 in Fire Magic
 16479 | Lair:6   | Entered Level 6 of the Lair of Beasts
 16486 | Lair:6   | Reached skill level 10 in Spellcasting
 16849 | Lair:6   | Reached skill level 13 in Earth Magic
 17103 | Lair:6   | Found a staircase to the Slime Pits.
 17751 | Lair:6   | Noticed a dire elephant
 17933 | Lair:6   | Noticed a dire elephant
 17933 | Lair:6   | Noticed a dire elephant
 18198 | Lair:4   | Learned a level 1 spell: Apportation
 18348 | Lair:6   | Noticed a dire elephant
 18359 | Lair:6   | Killed a dire elephant
 18767 | Lair:2   | Reached skill level 5 in Evocations
 18805 | Lair:2   | Killed Urug
 19176 | D:8      | Learned a level 2 spell: Blink
 19584 | D:10     | Noticed Josephine
 19588 | D:10     | Killed Josephine
 19593 | D:10     | Gained mutation: Your large and strong wings let you fly indefinitely. [Gargoyle growth]
 19593 | D:10     | Reached XP level 14. HP: 78/84 MP: 19/28
 19595 | D:10     | Reached ***** piety under Vehumet
 19595 | D:10     | Offered knowledge of Venom Bolt by Vehumet.
 19744 | D:10     | Found a staircase to the Orcish Mines.
 19752 | D:10     | Reached skill level 1 in Translocations
 19755 | D:10     | Found a roughly hewn altar of Beogh.
 19986 | Orc:1    | Entered Level 1 of the Orcish Mines
 20212 | Orc:1    | Found Yfezemet's Magic Scroll Boutique.
 20249 | Orc:1    | Found a roughly hewn altar of Beogh.
 20427 | Orc:1    | Found Qaerant's Assorted Antiques.
 20461 | Orc:1    | Found Taorod's Magic Scroll Emporium.
 20611 | Orc:2    | Entered Level 2 of the Orcish Mines
 21240 | Orc:2    | Found Aworin's Magic Scroll Shoppe.
 21268 | Orc:2    | Bought a scroll of teleportation for 36 gold pieces
 21268 | Orc:2    | Bought a scroll of magic mapping for 42 gold pieces
 21308 | Orc:2    | Found a runed door.
 21352 | Orc:2    | Found a staircase to the Elven Halls.
 21366 | Orc:2    | Found a runed door.
 22305 | Orc:1    | Found Mealioh's Jewellery Boutique.
 22941 | Orc:1    | HP: 3/86 [orc warrior/dire flail (29)]
 22955 | Orc:1    | HP: 4/86 [orc knight/great sword of slicing (2)]
 22958 | Orc:1    | Slain by an orc knight

Skill      XL: |  1  2  3  4  5  6  7  8  9 10 11 12 13 14 |
---------------+-------------------------------------------+-----
Earth Magic    | 4 5 6 7 9 10 11 12 13 | 13.5
Spellcasting   | 3 4 5 6 7 8 9 10 | 10.7
Conjurations   | 1 2 3 5 7 8 9 10 11 | 11.5
Fighting       | 2 4 6 7 8 9 |  9.2
Dodging        | 2 3 4 |  4.2
Shields        | 3 4 |  4.0
Maces & Flails | 1 |  1.2
Fire Magic     | 2 4 5 6 |  6.3
Armour         | 2 3 |  3.4
Staves         | 2 4 5 6 |  6.3
Evocations     | 1 3 5 |  5.6
Translocations | 1 |  1.5
Stealth        | |  2.1
Transmutations | |  0.7

Action                   |  1- 3 |  4- 6 |  7- 9 | 10-12 | 13-15 || total
-------------------------+-------+-------+-------+-------+-------++-------
Melee: Club              |    23 |       |       |       |       ||    23
       Unarmed           |     7 |       |       |       |       ||     7
       Whip              |    14 |    63 |       |       |       ||    77
       Short sword       |       |   113 |   253 |   106 |     3 ||   475
       Staff             |       |       |       |     3 |   137 ||   140
Throw: Stone             |     1 |     3 |       |     3 |     5 ||    12
 Cast: Sandblast         |    16 |    13 |    25 |     8 |     9 ||    71
       Stone Arrow       |       |    30 |    63 |   245 |   304 ||   642
       Lee's Rapid Decon |       |       |     7 |    24 |    79 ||   110
       Petrify           |       |       |       |     2 |    38 ||    40
       Sticky Flame      |       |       |       |     4 |     2 ||     6
       Blink             |       |       |       |       |     1 ||     1
Evoke: Wand              |       |       |       |       |     1 ||     1
  Use: Scroll            |       |     8 |     2 |    10 |     3 ||    23
 Stab: Sleeping          |     5 |     5 |     2 |       |       ||    12
  Eat: Chunk             |       |    11 |    17 |    24 |    30 ||    82
       Fruit             |       |       |       |     5 |     4 ||     9
       Meat ration       |       |       |       |       |     1 ||     1
Armor: Robe              |    18 |    63 |   110 |    91 |    74 ||   356
       Steam dragon scal |       |       |       |    13 |       ||    13
Dodge: Dodged            |    34 |   107 |   137 |   132 |   101 ||   511
Block: Buckler           |       |       |       |    20 |    39 ||    59
